 Dungeon Crawl Stone Soup version 0.32-a0-909-gc671339a80 (webtiles) character file.

Game seed: 6467039732059783086

674 Twinkles the Changeling (level 7, -1/53 HPs)
             Began as a Merfolk Shapeshifter on Apr 6, 2024.
             Was an Initiate of Wu Jian.
             Slain by a white imp (3 damage)
             ... on level 5 of the Dungeon.
             The game lasted 00:11:22 (3046 turns).

Twinkles the Changeling (Merfolk Shapeshifter)      Turns: 3046, Time: 00:11:22

Health: -1/53      AC:  5    Str: 17    XL:     7   Next: 59%
Magic:  8/16       EV: 11    Int: 12    God:    Wu Jian [......]
Gold:   149        SH:  0    Dex: 13    Spells: 6/6 levels left

rFire   . . .        a - +4 whip "Fuppoi" {venom, Will+ Int+3 Stlth+}
rCold   . . .        (no shield)
rNeg    . . .        o - +0 ring mail
rPois   .            (helmet currently unavailable)
rElec   .            (cloak currently unavailable)
rCorr   .            (gloves currently unavailable)
SInv    .            (boots currently unavailable)
Will    +....        (no amulet)
Stlth   +++          t - ring of magical power
HPRegen 0.28/turn    (no ring)
MPRegen 0.15/turn

%: no passive effects
@: brilliant, beast-form
A: beast (slay +3), (nimble swimmer 2), mertail
a: Begin Untransformation, Renounce Religion


You were on level 5 of the Dungeon.
You worshipped Wu Jian.
Wu Jian was noncommittal.
You were a hulking beast.
You visited 2 branches of the dungeon, and saw 6 of its levels.

You collected 149 gold pieces.

Inventory:

Hand Weapons
 a - the +4 whip "Fuppoi" (weapon) {venom, Will+ Int+3 Stlth+}
   (You found it on level 2 of the Dungeon)

   Int+3:     It affects your intelligence (+3).
   Will+:     It increases your willpower.
   Stlth+:    It makes you more stealthy.
 b - the +8 sling "Rumemunt" {heavy, rF- rC+ rN+ Dex+2}
   (You found it on level 2 of the Dungeon)

   Dex+2:     It affects your dexterity (+2).
   rF-:       It makes you vulnerable to fire.
   rC+:       It protects you from cold.
   rN+:       It protects you from negative energy.
 m - a +3 whip
Missiles
 n - 7 poisoned darts
Armour
 g - a +0 animal skin
 o - a +0 ring mail (worn)
Jewellery
 t - a ring of magical power (left hand)
Talismans
 c - a beast talisman (active)
 d - a flux talisman
Scrolls
 e - 5 scrolls of identify {unknown}
 h - a scroll of fear {unknown}
 i - a scroll of teleportation {unknown}
 l - 2 scrolls of blinking {unknown}
 p - a scroll of revelation {unknown}
 q - a scroll of enchant weapon {unknown}
 r - a scroll of enchant armour {unknown}
 u - a scroll of torment {unknown}
Potions
 f - 2 potions of heal wounds {unknown}
 j - a potion of attraction {unknown}
 s - 2 potions of ambrosia {unknown}
 B - 2 potions of brilliance
 P - 2 potions of lignification


   Skills:
 + Level 3.9 Fighting
 + Level 5.3 Dodging
 + Level 4.0 Stealth
 + Level 5.1 Unarmed Combat
 + Level 5.9 Shapeshifting


You had 6 spell levels left.
You didn't know any spells.
Your spell library contained the following spells:

 Spells                   Type           Power      Damage    Failure   Level
 Magic Dart               Conj           0%         1d3       52%         1
 Blink                    Tloc           0%         N/A       67%         2
 Call Imp                 Summ           0%         N/A       67%         2
 Lesser Beckoning         Tloc           0%         N/A       67%         2
 Maxwell's Portable Pile  Tloc           0%         2d(5-13)  88%         3
 Teleport Other           Tloc           0%         N/A       88%         3


Dungeon Overview and Level Annotations

Branches:
Dungeon (5/15) Zot: 26675  Temple (1/1) D:4 Zot: 5925

Altars:
Ashenzari
Cheibriados
Dithmenos
Elyvilon
Fedhas
Gozag
Kikubaaqudgha
Makhleb
Okawaru
Sif Muna
Trog
Vehumet
Wu Jian
Xom

Shops:
D:4 =


Innate Abilities, Weirdness & Mutations

You are a hulking beast.
Your limbs bulge with bestial killing power. (Slay +3)
((You are very nimble when in or above water. (Stealth+, EV+, Speed+++)))
Your lower body shifts to a powerful aquatic tail in water.


Message History

The centaur shouts!
The centaur is heavily wounded.
The centaur wields a +0 orcbow.
The centaur shoots an arrow.
The arrow closely misses you.
The centaur shoots an arrow.
The arrow barely misses you.
You hear a howl!
You shoot a sling bullet. The sling bullet hits the centaur.
The centaur is heavily wounded.
The centaur shoots an arrow.
The arrow barely misses you.
The centaur shoots an arrow.
The arrow misses you.
You shoot a sling bullet.
The sling bullet hits the centaur but does no damage.
The centaur is heavily wounded.
The centaur shoots an arrow.
The arrow hits you!
The centaur shoots an arrow.
The arrow hits you!
The centaur shoots an arrow.
The arrow completely misses you.
The centaur shoots an arrow.
The arrow hits you!
You feel clever.
The +4 whip "Fuppoi" {venom, Will+ Int+3 Stlth+} begins to drip with poison!
a - the +4 whip "Fuppoi" (weapon)
{venom, Will+ Int+3 Stlth+} A white imp comes into view.
A sleepcap comes into view.
The centaur shoots an arrow.
The arrow misses you.
The centaur shoots an arrow.
The arrow hits you.
* * * LOW HITPOINT WARNING * * *
The white imp shouts!
It was a potion of brilliance.
You feel clever all of a sudden.
B - 2 potions of brilliance The centaur shoots an arrow.
The arrow hits you.
* * * LOW HITPOINT WARNING * * *
The centaur shoots an arrow.
The arrow hits you.
* * * LOW HITPOINT WARNING * * *
You lunge at the centaur.
You whack the centaur!
The centaur is poisoned.
The centaur is almost dead.
The centaur unwields a +0 orcbow.
The centaur misses you. The centaur kicks you.
* * * LOW HITPOINT WARNING * * *
The white imp hits you.
You die...

......#....###.#
#..#####.....#.#
#.. ##......#
##....##
#######...#
........=.###
............#
...........##
........h...#
.......5c[...#
...#####f..#.#
### #....##
....... ........
....##### .#....


You could see a sleepcap, a centaur (very poisoned) and a white imp.

Vanquished Creatures
  A black bear (D:4)
  2 ogres
  A scorpion (D:4)
  A bombardier beetle (D:5)
  4 hounds
  An orc priest (D:3)
  An iguana (D:5)
  A sleepcap (D:4)
  5 adders
  A white imp (D:5)
  A ribbon worm (D:4)
  5 orcs
  5 ball pythons
  2 bats
  4 endoplasms
  3 giant cockroaches (D:1)
  7 goblins
  7 hobgoblins
  7 jackals
  6 kobolds
  5 quokkas
  A frilled lizard (D:1)
  A rat (D:3)
72 creatures vanquished.

Notes
Turn   | Place    | Note
-------+----------+-------------------------------------------
     0 | D:1      | Twinkles the Merfolk Shapeshifter began the quest for the
                  | Orb.
     0 | D:1      | Reached XP level 1. HP: 15/15 MP: 1/1
    43 | D:1      | Reached XP level 2. HP: 15/21 MP: 2/2
   315 | D:1      | Reached skill level 1 in Stealth
   406 | D:1      | Found a faded altar of an unknown god.
   825 | D:2      | Reached XP level 3. HP: 20/27 MP: 3/3
   831 | D:2      | Identified the +4 whip "Fuppoi" {venom, Will+ Int+3 Stlth+}
  1101 | D:2      | Identified the +8 sling "Rumemunt" {heavy, rF- rC+ rN+
                  | Dex+2}
  1423 | D:3      | Reached XP level 4. HP: 33/33 MP: 4/4
  1853 | D:4      | Found Dodghal's Jewellery Emporium.
  1857 | D:4      | Noticed an ogre
  1889 | D:4      | Killed an ogre
  1890 | D:4      | Reached XP level 5. HP: 39/39 MP: 5/5
  1936 | D:4      | Reached skill level 5 in Shapeshifting
  1936 | D:4      | Reached XP level 6. HP: 27/46 MP: 6/6
  2329 | D:4      | Found an ancient bone altar of Kikubaaqudgha.
  2372 | D:4      | Noticed a black bear
  2374 | D:4      | Killed a black bear
  2377 | D:4      | Reached XP level 7. HP: 52/52 MP: 7/7
  2619 | D:4      | Found a staircase to the Ecumenical Temple.
  2629 | Temple   | Entered the Ecumenical Temple
  2667 | Temple   | Became a worshipper of the Wu Jian Council
  2746 | D:5      | Entered Level 5 of the Dungeon
  2753 | D:5      | Reached skill level 5 in Dodging
  2952 | D:5      | Reached skill level 5 in Unarmed Combat
  3043 | D:5      | HP: 12/53 [centaur/arrow (5)]
  3045 | D:5      | HP: 3/53 [centaur/arrow (4)]
  3046 | D:5      | Slain by a white imp

Illustrated notes

Levels and vault maps discovered:
D:1:      dreamdust_arrival_sigmund_warning, layout_basic,
          chequers_ecumenical_altar_lobes, grunt_decor_clamped
D:2:      layout_loops_ring
D:3:      layout_rooms, kennysheep_cluttered_room
D:4:      layout_loops_cross, mainiacjoe_overflow_24_doors, temple_hall,
          serial_shops, nicolae_stop_n_shop_2
D:5:      layout_layer_cave, nicolae_overflow_quartered_altars,
          minmay_chambers_of_fives
Temple:   nicolae_temple_figure_eight

Skill      XL: |  1  2  3  4  5  6  7 |
---------------+----------------------+-----
Dodging        | 3 4 5 |  5.3
Stealth        | 1 2 3 4 |  4.0
Fighting       | 2 3 |  3.9
Unarmed Combat | 4 5 |  5.1
Shapeshifting  | 5 |  5.9

Action                     |  1- 3 |  4- 6 |  7- 9 || total
---------------------------+-------+-------+-------++-------
  Melee: Unarmed           |    43 |       |       ||    43
         Whip              |    26 |       |    19 ||    45
   Fire: Sling             |     6 |    35 |    30 ||    71
Ability: Lunge             |       |       |     2 ||     2
    Use: Potion            |       |       |     1 ||     1
   Stab: Sleeping          |     3 |       |       ||     3
 Armour: Animal skin       |    36 |       |       ||    36
         Ring mail         |       |     6 |    28 ||    34
  Dodge: Dodged            |    41 |     4 |    22 ||    67

Table legend: (Time is in decaauts)
 A = Elapsed time spent in this place.
 B = Non-inter-level travel time spent in this place.
 C = Inter-level travel time spent in this place.
 D = Time resting spent in this place.
 E = Time spent auto-exploring this place.
 F = Levels seen in this place.
 G = Mean time per level.
                   A        B        C        D        E       F      G
               +--------+--------+--------+--------+--------+-----+--------+
         Total |   3117 |   2931 |    186 |      3 |   2392 |   6 |  519.5 |
       Dungeon |   3043 |   2929 |    114 |      3 |   2392 |   5 |  608.6 |
        Temple |     74 |      2 |     72 |      0 |      0 |   1 |   74.0 |
               +--------+--------+--------+--------+--------+-----+--------+

Top non-repeatable levels by time:
     D:4: 927 daAuts
     D:2: 760 daAuts
     D:1: 657 daAuts
     D:3: 374 daAuts
     D:5: 324 daAuts
  Temple: 74 daAuts
